 Dungeon Crawl Stone Soup version 0.21.1-1-g345015fe64 (webtiles) character file.

5550 Khress the Carver (level 10, -2/92 HPs)
             Began as a Minotaur Fighter on Feb 17, 2018.
             Was an Elder of Qazlal.
             Slain by an eight-headed hydra (12 damage)
             ... on level 9 of the Dungeon.
             The game lasted 00:50:40 (7810 turns).

Khress the Carver (Minotaur Fighter)                Turns: 7810, Time: 00:50:41

Health: -2/92      AC: 11    Str: 27    XL:     10   Next: 44%
Magic:  9/9        EV: 12    Int:  9    God:    Qazlal [****..]
Gold:   523        SH: 16    Dex:  9    Spells: 9/9 levels left

rFire    x . .     SeeInvis .   K - +6 falchion of Shame {venom, rF- Int+6}
rCold    . . .     Gourm    +   c - +0 shield
rNeg     . . .     Faith    .   L - +0 ring mail of the Earth {rElec Str+2 Int-2}
rPois    +         Spirit   .   (helmet restricted)
rElec    +         Reflect  .   b - +0 cloak
rCorr    .         Harm     .   (no gloves)
MR       ++...                  o - +0 pair of boots
Stlth    ..........             P - amulet of the gourmand
HPRegen  0.25/turn              O - ring of poison resistance
MPRegen  0.11/turn              R - ring of protection from magic

@: repel missiles
A: retaliatory headbutt, horns 2, yellow scales 1, magic resistance 1, poison
resistance, robust 1
a: Upheaval, Elemental Force, Renounce Religion


You were on level 9 of the Dungeon.
You worshipped Qazlal.
Qazlal was greatly pleased with you.
You were very full.

You visited 2 branches of the dungeon, and saw 10 of its levels.

You collected 523 gold pieces.

Inventory:

Hand Weapons
 a - a +1 long sword
 i - the cursed +0 longbow of Grace {freeze, rC+ MR+ Int-2, unknown}
   (You found it on level 4 of the Dungeon)

   It causes projectiles fired from it to freeze those they strike, causing
   extra injury to most foes and up to half again as much damage against
   particularly susceptible opponents.
   They can also slow down cold-blooded creatures.
   It affects your intelligence (-2).
   It protects you from cold.
   It affects your resistance to hostile enchantments.
   It has a curse placed upon it.
 A - a +0 shortbow
 K - the +6 falchion of Shame (weapon) {venom, rF- Int+6}
   (You found it on level 6 of the Dungeon)

   It poisons the flesh of those it strikes.
   It affects your intelligence (+6).
   It makes you vulnerable to fire.
Missiles
 e - 288 stones
 l - 156 arrows (quivered)
 r - 91 sling bullets
 s - 17 bolts
 D - 8 needles of confusion
 G - 16 poisoned needles
Armour
 b - a +0 cloak (worn)
 c - a +0 shield (worn)
 o - a +0 pair of boots (worn)
 L - the +0 ring mail of the Earth (worn) {rElec Str+2 Int-2}
   (You found it on level 7 of the Dungeon)

   It affects your strength (+2).
   It affects your intelligence (-2).
   It insulates you from electricity.
Magical Staves
 q - an uncursed staff of air {unknown}
Jewellery
 F - an uncursed amulet of harm
 O - a ring of poison resistance (left hand)
 P - an amulet of the gourmand (around neck)
 Q - an uncursed ring of stealth
 R - a ring of protection from magic (right hand)
Wands
 g - a wand of polymorph (6)
 p - a wand of iceblast (12)
 w - a wand of disintegration (7)
 M - a wand of random effects (10)
 S - a wand of acid (9)
Scrolls
 j - 2 scrolls of amnesia
 m - 3 scrolls of blinking
 n - 2 scrolls of remove curse
 t - a scroll of fear
 v - 2 scrolls of fog
 y - a scroll of identify
 B - 2 scrolls of magic mapping
 E - 2 scrolls of immolation {unknown}
 I - 2 scrolls of enchant armour {unknown}
 N - 3 scrolls of teleportation {unknown}
Potions
 d - 2 potions of resistance {unknown}
 h - a potion of curing
 k - a potion of invisibility
 z - a potion of lignification {unknown}
 C - a potion of brilliance
Books
 x - a book of Power

   Spells                             Type                      Level
   a - Iskenderun's Battlesphere      Conjuration/Charms           5
   b - Venom Bolt                     Conjuration/Poison           5
   c - Bolt of Magma                  Conjuration/Fire/Earth       5
   d - Iron Shot                      Conjuration/Earth            6
   e - Orb of Destruction             Conjuration                  7
   f - Spellforged Servitor           Conjuration/Summoning        7
Comestibles
 f - 17 rations
 u - 9 chunks of flesh


   Skills:
 + Level 6.5 Fighting
 * Level 12.3 Long Blades
 + Level 8.2 Armour
 * Level 6.6 Dodging
 + Level 8.4 Shields


You had 9 spell levels left.
You didn't know any spells.

Dungeon Overview and Level Annotations

Branches:
Dungeon (9/15)             Temple (1/1) D:4
   Lair: D:8-11         Orc: D:9-12

Altars:
Ashenzari
Cheibriados
Dithmenos
Elyvilon
Fedhas
Gozag
Hepliaklqana
Kikubaaqudgha
Makhleb
Nemelex Xobeh
Okawaru
Qazlal
Ru
Sif Muna
Trog
Uskayaw
Vehumet
Wu Jian
Xom
Yredelemnul
Zin
The Shining One


Innate Abilities, Weirdness & Mutations

You reflexively headbutt those who attack you in melee.
You have a pair of horns on your head.
You are partially covered in yellow scales. (AC +2)
You are resistant to hostile enchantments. (MR+)
Your system is resistant to poisons. (rPois)
You are robust. (+10% HP)


Message History

You slash the eight-headed hydra!
The eight-headed hydra is moderately wounded.
The eight-headed hydra bites you!
The eight-headed hydra bites you but does no damage.
You block the eight-headed hydra's attack. x2
The eight-headed hydra bites you.
The eight-headed hydra barely misses you.
The eight-headed hydra bites you!
* * * LOW HITPOINT WARNING * * *
The eight-headed hydra misses you.
You feel better. The eight-headed hydra bites you!
* * * LOW HITPOINT WARNING * * *
You block the eight-headed hydra's attack.
The eight-headed hydra misses you. The eight-headed hydra bites you!
* * * LOW HITPOINT WARNING * * *
The eight-headed hydra bites you!
* * * LOW HITPOINT WARNING * * *
The eight-headed hydra bites you!
You die...

#.........≈≈≈≈..##.
#####...............##.
.............≈......##.
####.........÷......##.
..........#..##.##.###.
#####...####.##........
##.## #.##########
#####.# #D# #.# .......
#@# #.# ......# #.# #.#
## ####### #.# #.# #.
#.# #.# #.
#.#####.#########.
#.................
########.#########
#.......... ###########


You could see an eight-headed hydra.

Vanquished Creatures
  Maurice (D:8)
  Psyche (D:9)
  Grinder (D:3)
  2 hippogriffs
  A human (D:7)
  3 hogs (D:7)
  4 yaks
  Edmund (D:6)
  The ghost of BrokenGlass the Insei, an amateur OpFi of Ru (D:3)
  A hungry ghost (D:9)
  An orc warrior (D:6)
  2 ice beasts
  2 sky beasts
  A necrophage (D:7)
  3 ogres
  2 phantoms
  A centaur (D:9)
  A big kobold (D:7)
  4 bullfrogs
  4 scorpions
  6 crimson imps
  2 orc priests
  A bullfrog zombie (D:8)
  2 quasits
  A jelly (D:9)
  A hound (D:7)
  10 orc wizards
  Jessica (D:2)
  A bullfrog skeleton (D:9)
  2 iguanas
  Terence (D:2)
  7 worker ants
  Ijyb (D:3)
  A killer bee zombie (D:8)
  A hound skeleton (D:5)
  A howler monkey zombie (D:6)
  A worker ant zombie (D:8)
  9 adders
  11 gnolls
  A shadow imp (D:6)
  An adder zombie (D:6)
  2 adder skeletons (D:4)
  4 worms
  2 dart slugs
  6 leopard geckos
  24 orcs
  4 ball pythons
  5 giant cockroaches
  11 goblins
  6 hobgoblins
  6 jackals
  3 quokkas
  4 bats
  6 frilled lizards
  16 kobolds
  A leopard gecko skeleton (D:6)
  9 rats
  A butterfly (D:4)
209 creatures vanquished.

Notes
Turn   | Place    | Note
-------+----------+-------------------------------------------
     0 | D:1      | Khress the Minotaur Fighter began the quest for the Orb.
     0 | D:1      | Reached XP level 1. HP: 19/19 MP: 0/0
   244 | D:1      | Reached XP level 2. HP: 27/27 MP: 1/1
   644 | D:2      | Reached skill level 3 in Long Blades
   644 | D:2      | Reached XP level 3. HP: 33/33 MP: 2/2
   680 | D:2      | Noticed Jessica
   721 | D:2      | Killed Jessica
   721 | D:2      | Reached skill level 1 in Dodging
   893 | D:2      | Reached XP level 4. HP: 40/40 MP: 3/3
  1252 | D:2      | Noticed Terence
  1259 | D:2      | Killed Terence
  1259 | D:2      | Reached skill level 4 in Long Blades
  1383 | D:3      | Found a stormy altar of Qazlal.
  1391 | D:3      | Became a worshipper of Qazlal Stormbringer
  1436 | D:3      | Reached XP level 5. HP: 36/46 MP: 4/4
  1527 | D:3      | Noticed Ijyb
  1575 | D:3      | Killed Ijyb
  1575 | D:3      | Reached skill level 5 in Long Blades
  1675 | D:3      | Noticed Grinder
  1692 | D:3      | Killed Grinder
  1692 | D:3      | Reached skill level 5 in Armour
  1692 | D:3      | Reached skill level 5 in Shields
  1692 | D:3      | Reached XP level 6. HP: 36/53 MP: 5/5
  1853 | D:3      | Reached skill level 6 in Long Blades
  2017 | D:3      | Reached XP level 7. HP: 48/60 MP: 6/6
  2018 | D:3      | Reached * piety under Qazlal
  2201 | D:3      | Noticed BrokenGlass's ghost (amateur OpFi)
  2218 | D:3      | Killed BrokenGlass's ghost
  2454 | D:3      | Gained mutation: Your natural rate of healing is unusually fast. [potion of mutation]
  2454 | D:3      | Gained mutation: You are frail. (-10% HP) [potion of mutation]
  2454 | D:3      | Gained mutation: You have a pair of large horns on your head. [potion of mutation]
  2491 | D:4      | Reached skill level 7 in Long Blades
  3099 | D:5      | Entered Level 5 of the Dungeon
  3106 | D:4      | Found a shimmering altar of Xom.
  3412 | D:5      | Reached XP level 8. HP: 60/60 MP: 7/7
  3526 | D:4      | Found a staircase to the Ecumenical Temple.
  3540 | Temple   | Entered the Ecumenical Temple
  3931 | D:4      | Got a smoking longbow
  4194 | D:5      | Found a sparkling altar of Nemelex Xobeh.
  4239 | D:5      | Reached skill level 8 in Long Blades
  4335 | D:5      | Reached skill level 5 in Fighting
  5073 | D:6      | Noticed Edmund
  5094 | D:6      | Killed Edmund
  5094 | D:6      | Reached ** piety under Qazlal
  5152 | D:6      | Reached skill level 9 in Long Blades
  5431 | D:6      | Reached XP level 9. HP: 57/66 MP: 8/8
  5480 | D:6      | Lost mutation: Your natural rate of healing is unusually fast. [potion of mutation]
  5480 | D:6      | Lost mutation: You have a pair of large horns on your head. [potion of mutation]
  5480 | D:6      | Lost mutation: You are frail. (-10% HP) [potion of mutation]
  5480 | D:6      | Gained mutation: Scrolls take you a little longer to read. [potion of mutation]
  5480 | D:6      | Gained mutation: Your spells are a little harder to cast, but a little more powerful. [potion of mutation]
  5480 | D:6      | Gained mutation: You are resistant to electric shocks. (rElec) [potion of mutation]
  5482 | D:6      | Lost mutation: Scrolls take you a little longer to read. [potion of mutation]
  5482 | D:6      | Lost mutation: You are resistant to electric shocks. (rElec) [potion of mutation]
  5482 | D:6      | Gained mutation: You have an increased reservoir of magic. (+10% MP) [potion of mutation]
  5482 | D:6      | Gained mutation: Your body sometimes deteriorates upon taking damage. [potion of mutation]
  5482 | D:6      | Gained mutation: You are partially covered in yellow scales. (AC +2) [potion of mutation]
  5712 | D:6      | Got an iridescent falchion
  5714 | D:6      | Identified the +6 falchion of Shame {venom, rF- Int+6} (You found it on level 6 of the Dungeon)
  5864 | D:7      | Found a glowing silver altar of Zin.
  5921 | D:7      | Reached skill level 10 in Long Blades
  5921 | D:7      | Reached skill level 5 in Dodging
  5953 | D:7      | Got a faintly glowing ring mail
  5964 | D:7      | Identified the cursed +0 ring mail of the Earth {rElec Str+2 Int-2} (You found it on level 7 of the Dungeon)
  5971 | D:7      | Lost mutation: Your body sometimes deteriorates upon taking damage. [potion of mutation]
  5971 | D:7      | Lost mutation: Your spells are a little harder to cast, but a little more powerful. [potion of mutation]
  5971 | D:7      | Lost mutation: You have an increased reservoir of magic. (+10% MP) [potion of mutation]
  5971 | D:7      | Gained mutation: Your system is resistant to poisons. (rPois) [potion of mutation]
  5971 | D:7      | Gained mutation: You are robust. (+10% HP) [potion of mutation]
  5971 | D:7      | Gained mutation: You are resistant to hostile enchantments. (MR+) [potion of mutation]
  6111 | D:7      | Reached *** piety under Qazlal
  6335 | D:7      | Reached skill level 11 in Long Blades
  6590 | D:8      | Noticed Maurice
  6856 | D:8      | Reached XP level 10. HP: 90/91 MP: 9/9
  6888 | D:8      | Found a white marble altar of Elyvilon.
  7140 | D:8      | Killed Maurice
  7507 | D:9      | Reached skill level 12 in Long Blades
  7571 | D:9      | Noticed Psyche
  7575 | D:9      | Killed Psyche
  7600 | D:9      | Reached **** piety under Qazlal
  7801 | D:9      | Noticed a four-headed hydra
  7810 | D:9      | Slain by an eight-headed hydra

Skill      XL: |  1  2  3  4  5  6  7  8  9 10 |
---------------+-------------------------------+-----
Fighting       | 4 5 6 |  6.5
Long Blades    | 3 4 5 6 7 9 11 12 | 12.3
Armour         | 4 5 7 8 |  8.2
Shields        | 4 5 6 7 8 |  8.4
Dodging        | 1 2 3 4 5 6 |  6.6

Action                   |  1- 3 |  4- 6 |  7- 9 | 10-12 || total
-------------------------+-------+-------+-------+-------++-------
Melee: Long sword        |    51 |   132 |   279 |       ||   462
       Headbutt          |     9 |    26 |    60 |    22 ||   117
       Unarmed           |     4 |     2 |       |       ||     6
       Falchion          |       |       |    89 |    95 ||   184
Throw: Stone             |     2 |       |       |       ||     2
  Use: Scroll            |     5 |       |     6 |     1 ||    12
       Potion            |       |     2 |    10 |     1 ||    13
  Eat: Ration            |       |     1 |     5 |       ||     6
       Chunk             |       |       |     2 |     7 ||     9
Armor: Scale mail        |    14 |       |       |       ||    14
       Chain mail        |     9 |   102 |   111 |       ||   222
       Ring mail         |       |       |    13 |    17 ||    30
Dodge: Dodged            |    20 |    39 |    76 |    24 ||   159
Block: Shield            |    29 |    60 |   192 |    65 ||   346
       Rpst.: Long sword |     5 |    10 |    17 |       ||    32
       Falchion          |       |       |     3 |     6 ||     9
